 Dungeon Crawl Stone Soup version 0.19-a0-1886-gd64a0f0 (webtiles) character file.

100962 Amnesiac the Destroyer (level 16, -5/149 HPs)
             Began as an Ogre Wizard on Oct 15, 2016.
             Was a High Priest of Sif Muna.
             Slain by a fire elemental (8 damage)
             ... summoned by a deep elf mage
             ... on level 1 of the Elven Halls.
             The game lasted 01:19:39 (35266 turns).

Amnesiac the Destroyer (Ogre Wizard)               Turns: 35266, Time: 01:19:39

Health: -5/149     AC: 14    Str: 16    XL:     16   Next: 29%
Magic:  1/34       EV:  9    Int: 22    God:    Sif Muna [*****.]
Gold:   2448       SH: 10    Dex: 10    Spells: 11 memorised, 6 levels left

rFire  . . .     SeeInvis .     x - staff of conjuration
rCold  . . .     Gourm    .     J - +0 troll leather armour
rNeg   . . .     Faith    .     X - +0 shield
rPois  +         Spirit   .     i - +2 hat
rElec  .         Dismiss  +     f - +2 cloak {+Inv}
rCorr  +         Reflect  .     (gloves unavailable)
MR     +....     Harm     .     (boots unavailable)
Stlth  +.........               u - amulet of dismissal
                                G - ring of wizardry
                                w - ring of resist corrosion

@: deflect missiles, divine energy
A: unfitting armour, icy blue scales 1, thin metallic scales 1, agile 1, blink,
poison resistance, tough skin 1, wild magic 1
a: Blink, Stop Divine Energy, Channel Magic, Forget Spell, Renounce Religion,
Evoke Invisibility


You were on level 1 of the Elven Halls.
You worshipped Sif Muna.
Sif Muna was extremely pleased with you.
You were hungry.

You visited 4 branches of the dungeon, and saw 20 of its levels.
You also visited: Labyrinth.

You collected 2448 gold pieces.

Inventory:

Hand Weapons
 I - the +7 lajatang of Order {silver, rMut}
   (You found it on level 6 of the Lair of Beasts)

   It protects you from mutation.
Missiles
 z - 3 curare-tipped needles
Armour
 f - a +2 cloak of invisibility (worn)
 i - a +2 hat (worn)
 J - a +0 troll leather armour (worn)
 U - +0 ice dragon scales
 X - a +0 shield (worn)
Magical Staves
 x - an uncursed staff of conjuration (weapon)
Jewellery
 c - an uncursed amulet of guardian spirit
 u - an amulet of dismissal (around neck)
 v - an uncursed ring of fire
 w - a ring of resist corrosion (left hand)
 G - a ring of wizardry (right hand)
 T - an uncursed ring of ice
Wands
 o - a wand of teleportation (4/9)
 O - a wand of hasting (3/9)
 Y - a wand of digging (9/24)
Scrolls
 e - 10 scrolls of identify
 n - 5 scrolls of immolation
 q - a scroll of fog
 r - 2 scrolls of recharging
 s - 3 scrolls of teleportation
 y - 5 scrolls of remove curse
 F - 2 scrolls of magic mapping
 K - a scroll of enchant armour
 M - a scroll of fear
 N - a scroll of holy word
 P - 2 scrolls of enchant weapon
Potions
 a - a potion of heal wounds
 b - a potion of cancellation
 g - a potion of mutation
 h - 4 potions of brilliance
 j - 2 potions of flight
 k - 3 potions of lignification
 l - 5 potions of agility
 p - 2 potions of haste
 A - 2 potions of magic
 B - a potion of might
 D - 4 potions of curing
 E - 2 potions of ambrosia
 H - 3 potions of resistance
 L - a potion of cure mutation
Books
 t - Sif Muna's Guide on the Quantum Frostbite
   (Sif Muna gifted it to you on level 6 of the Lair of Beasts)

   Spells                             Type                      Level
   a - Ozocubu's Armour               Charms/Ice                   3
   b - Recall                         Summoning/Translocation      3
   c - Portal Projectile              Translocation                3
   d - Force Lance                    Conjuration/Translocation    4
   e - Bolt of Cold                   Conjuration/Ice              6
 Q - Sif Muna's Almanac of Aid
   (Sif Muna gifted it to you on level 6 of the Lair of Beasts)

   Spells                             Type                      Level
   a - Infusion                       Charms                       1
   b - Repel Missiles                 Charms/Air                   2
   c - Regeneration                   Charms/Necromancy            3
   d - Ozocubu's Armour               Charms/Ice                   3
   e - Deflect Missiles               Charms/Air                   6
   f - Death's Door                   Charms/Necromancy            8
 R - Pipas's Collected Works on Evil
   (You found it on level 1 of the Elven Halls)

   Spells                             Type                      Level
   a - Pain                           Necromancy                   1
   b - Corpse Rot                     Necromancy                   2
   c - Sublimation of Blood           Necromancy                   2
   d - Vampiric Draining              Necromancy                   3
   e - Dispel Undead                  Necromancy                   5
 V - Dovuhoss's Reference Book on Confrontation
   (Sif Muna gifted it to you on level 1 of the Orcish Mines)

   Spells                             Type                      Level
   a - Shock                          Conjuration/Air              1
   b - Iskenderun's Mystic Blast      Conjuration                  4
   c - Bolt of Draining               Conjuration/Necromancy       5
   d - Bolt of Fire                   Conjuration/Fire             6
   e - Chain Lightning                Conjuration/Air              8
Comestibles
 d - 17 bread rations
 m - 5 meat rations
 C - 7 royal jellies
 S - a beef jerky
 W - 7 fruits


   Skills:
 - Level 7.2 Fighting
 - Level 1.7 Dodging
 - Level 1.4 Stealth
 + Level 8.4 Shields
 - Level 14.1 Spellcasting
 - Level 14.3 Conjurations
 - Level 0.6 Summonings
 - Level 0.6 Translocations
 - Level 11.0 Air Magic


You had 6 spell levels left.
You knew the following spells:

 Your Spells              Type           Power        Failure   Level  Hunger
a - Deflect Missiles      Chrm/Air       ######....   58%         6    #####..
b - Blink                 Tloc           N/A          6%          2    None
c - Static Discharge      Conj/Air       #######.     1%          3    None
d - Call Imp              Summ           ###.....     6%          2    None
e - Lightning Bolt        Conj/Air       #######...   1%          5    ###....
f - Freezing Cloud        Conj/Ice/Air   #######...   19%         6    #####..
g - Mephitic Cloud        Conj/Pois/Air  #######.     1%          3    None
h - Swiftness             Chrm/Air       ######..     1%          2    None
i - Magic Dart            Conj           ####         1%          1    None
s - Conjure Flame         Conj/Fire      ######..     1%          3    None
z - Iskenderun's Mystic   Conj           ########     1%          4    None


Dungeon Overview and Level Annotations

Branches:
Dungeon (11/15)            Temple (0/1) D:6            Lair (6/6) D:11
  Swamp (0/4) Lair:3       Spider (0/4) Lair:2        Slime (0/5) Lair:6
    Orc (2/2) D:9             Elf (1/3) Orc:2

Altars:
Ashenzari
Cheibriados
Dithmenos
Elyvilon
Gozag
Hepliaklqana
Kikubaaqudgha
Makhleb
Sif Muna
Trog
Vehumet
Xom
Yredelemnul
The Shining One
Beogh
Jiyva

Shops:
D:6 (   D:10 (   Orc:2 (:!!

Annotations:
Lair:3 Rupert


Innate Abilities, Weirdness & Mutations

You are too large for most types of armour.
You have tough skin. (AC +1)
You are partially covered in icy blue scales. (AC +2)
You are partially covered in thin metallic scales. (AC +2)
You are agile. (Dex +2)
You can translocate small distances at will.
Your system is resistant to poisons. (rPois)
Your spells are a little harder to cast, but a little more powerful.


Message History

You block the fire elemental's attack. The fire elemental hits you.
The fire elemental burns you!
* * * LOW HITPOINT WARNING * * *
Casting: Iskenderun's Mystic Blast
Confirm with . or Enter, or press ? or * to list all spells.
Okay, then.
You feel much better. The fire elemental hits you.
The fire elemental burns you!
* * * LOW HITPOINT WARNING * * *
The fire elemental hits you. The fire elemental burns you!
* * * LOW HITPOINT WARNING * * *
The fire elemental hits you. The fire elemental burns you!
* * * LOW HITPOINT WARNING * * *
Okay, then.
Casting: Iskenderun's Mystic Blast
Confirm with . or Enter, or press ? or * to list all spells.
You blink.
The deep elf mage casts a spell.
The fire elemental hits you. The fire elemental burns you!
You die...

.##.....#.## #.......##
#.##...#.#.###...(.#§##
.######.###(##....###§##
## #.## ##.#...## ##§##
# # #.# ##...## ##§##.#
#.# ##[## ##.e.# ##
#E).## ##.#### #.#E..##
##§## #.##.e@.###§## #.#
#EEE#.#§## #.# #§§E##e##
## #.#####..# ##.###.###
## ..## ###


You could see 4 earth elementals, 2 deep elf magi and 2 fire elementals.

Vanquished Creatures
  Gastronok (D:11)
  An orc warlord (Orc:1)
  A deep elf annihilator (Elf:1)
  A minotaur (Lab)
  An ettin (Orc:2)
  A deep elf death mage (Elf:1)
  2 hydras (Lair:1)
  Fannar (Orc:1)
  Erolcha (Orc:2)
  An ice dragon (Lair:6)
  2 catoblepae (Lair:6)
  An ogre mage (Orc:2)
  The ghost of Amnesiac the Fighter, a novice OgWz (D:7)
  9 death yaks
  The ghost of Amnesiac the Ogre Mage, a novice OgWz of Sif Muna (D:8)
  2 dancing weapons (Elf:1)
  Nergalle (D:11)
  Sonja (Lair:3)
  9 deep elf knights
  3 large abominations (Elf:1)
  7 deep elf archers (Elf:1)
  2 lindwurms (Lair:6)
  A hill giant (D:10)
  A necromancer (Elf:1)
  2 orc knights
  10 orc sorcerers
  27 deep elf magi
  3 ugly things (D:11)
  2 manticores (Lair:6)
  A moth of wrath (shapeshifter) (Orc:2)
  18 elephants
  6 torpor snails (Lair:6)
  8 black mambas
  A centaur zombie (D:11)
  Psyche (D:8)
  14 spiny frogs
  Joseph (D:9)
  8 komodo dragons
  2 rime drakes (Lair:6)
  A kobold demonologist (D:11)
  7 trolls
  A queen bee (Lair:3)
  7 hornets (Lair:6)
  3 two-headed ogres
  3 tyrant leeches (Lair:6)
  23 blink frogs
  11 hippogriffs
  2 dream sheep (Lair:6)
  An air elemental (Elf:1)
  A water elemental (Orc:2)
  A wraith (D:11)
  A spriggan (D:8)
  A vampire (D:8)
  2 fire elementals (Elf:1)
  5 wyverns
  44 yaks
  A hungry ghost (D:10)
  4 wargs
  8 porcupines
  13 water moccasins
  19 orc warriors
  6 sky beasts
  3 ice beasts
  A phantom (D:6)
  2 black bears
  11 ogres
  A necrophage (D:11)
  6 wolves
  9 centaurs
  2 elf zombies (Elf:1)
  The ghost of Enish the Slasher, an amateur TeAK of Lugonu (D:6)
  18 crocodiles
  A big kobold (D:10)
  21 bullfrogs
  An earth elemental (Elf:1)
  3 scorpions
  14 killer bees (Lair:3)
  A water moccasin skeleton (D:10)
  16 wights
  An electric eel (D:11)
  A bullfrog zombie (D:6)
  5 crimson imps
  A quasit (D:9)
  7 hounds
  12 orc priests
  2 centaur skeletons
  A jelly (D:10)
  39 orc wizards
  2 bullfrog skeletons
  7 worker ants
  Natasha (thrice) (D:2)
  3 iguanas
  A killer bee zombie (D:8)
  A hound zombie (D:7)
  3 worker ant zombies
  17 gnolls
  13 adders
  A shadow imp (D:4)
  4 oozes (Lair:6)
  2 adder skeletons (D:4)
  2 worms
  2 dart slugs
  7 leopard geckos
  91 orcs
  A giant cockroach (D:5)
  8 goblins
  3 hobgoblins
  4 jackals
  6 quokkas
  9 bats
  6 frilled lizards
  2 jackal skeletons
  13 kobolds
  A leopard gecko skeleton (D:5)
  A quokka skeleton (D:5)
  8 rats
  A butterfly (Lair:1)
  3 fungi
  3 plants (Lair:6)
729 creatures vanquished.

Vanquished Creatures (collateral kills)
  A bat (D:1)
1 creature vanquished.

Vanquished Creatures (others)
  A bush (Lair:6)
  23 fungi
  26 plants
50 creatures vanquished.

Grand Total: 780 creatures vanquished

Notes
Turn   | Place    | Note
-------+----------+-------------------------------------------
     0 | D:1      | Amnesiac the Ogre Wizard began the quest for the Orb.
     0 | D:1      | Reached XP level 1. HP: 16/16 MP: 5/5
   118 | D:1      | Reached skill level 1 in Fighting
   361 | D:1      | Reached XP level 2. HP: 28/28 MP: 1/6
   366 | D:1      | Learned a level 2 spell: Call Imp
  1035 | D:2      | Found an opulent altar of Gozag.
  1176 | D:3      | Reached XP level 3. HP: 29/37 MP: 6/8
  1181 | D:3      | Learned a level 3 spell: Mephitic Cloud
  1185 | D:3      | Learned a level 3 spell: Conjure Flame
  1283 | D:3      | Found a shimmering altar of Xom.
  1286 | D:3      | Found a hazy altar of Hepliaklqana.
  1288 | D:3      | Found a bloodstained altar of Trog.
  1636 | D:4      | Reached XP level 4. HP: 49/49 MP: 5/9
  1713 | D:4      | Noticed an ogre
  1733 | D:4      | Killed an ogre
  1733 | D:4      | Reached XP level 5. HP: 61/61 MP: 2/10
  2163 | D:4      | Found a deep blue altar of Sif Muna.
  2320 | D:4      | Became a worshipper of Sif Muna the Loreminder
  2491 | D:2      | Reached XP level 6. HP: 22/71 MP: 3/11
  2754 | D:2      | Noticed Natasha
  2768 | D:2      | Killed Natasha
  2904 | D:2      | Learned a level 2 spell: Repel Missiles
  2908 | D:2      | Learned a level 2 spell: Blink
  2936 | D:2      | Noticed Natasha
  2952 | D:2      | Killed Natasha
  2980 | D:2      | Noticed Natasha
  2987 | D:2      | Killed Natasha
  3358 | D:3      | Reached skill level 5 in Spellcasting
  3438 | D:3      | Reached skill level 1 in Conjurations
  3806 | D:5      | Entered Level 5 of the Dungeon
  4136 | D:5      | Found a radiant altar of Vehumet.
  4224 | D:5      | Found a white marble altar of Elyvilon.
  4277 | D:5      | Reached XP level 7. HP: 30/78 MP: 12/14
  4364 | D:5      | Reached * piety under Sif Muna
  4601 | D:5      | Gained mutation: Your mind is acute. (Int +2) [mutagenic meat]
  4604 | D:5      | Gained mutation: You can translocate small distances at will. [mutagenic meat]
  4607 | D:5      | Lost mutation: Your mind is acute. (Int +2) [mutagenic meat]
  4610 | D:5      | Gained mutation: You are partially covered in thin metallic scales. (AC +2) [mutagenic meat]
  4613 | D:5      | Gained mutation: Your spells are a little harder to cast, but a little more powerful. [mutagenic meat]
  4616 | D:5      | Gained mutation: You are partially covered in icy blue scales. (AC +2) [mutagenic meat]
  5237 | D:6      | Reached XP level 8. HP: 76/87 MP: 15/15
  5277 | D:6      | Noticed Enish's ghost (amateur TeAK)
  5350 | D:6      | Killed Enish's ghost
  5350 | D:6      | Reached skill level 5 in Conjurations
  5599 | D:6      | Found a staircase to the Ecumenical Temple.
  5637 | D:6      | Found a glowing golden altar of the Shining One.
  5646 | D:6      | Found a basalt altar of Yredelemnul.
  5715 | D:6      | Noticed an angel
  5786 | D:6      | Reached ** piety under Sif Muna
  6230 | D:6      | Found a shattered altar of Ashenzari.
  6245 | D:6      | Found a snail-covered altar of Cheibriados.
  6259 | D:6      | Found Noazommo's Antique Weapon Boutique.
  6472 | D:6      | Reached XP level 9. HP: 93/93 MP: 4/18
  7439 | D:7      | Noticed Amnesiac's ghost (novice OgWz)
  7470 | D:7      | Killed Amnesiac's ghost
  7470 | D:7      | Reached *** piety under Sif Muna
  7473 | D:7      | Gained mutation: You are agile. (Dex +2) [potion of mutation]
  7473 | D:7      | Gained mutation: Your system is resistant to poisons. (rPois) [potion of mutation]
  7473 | D:7      | HP: 4/93 [poisoned by Amnesiac's ghost]
  8254 | D:7      | Found a burning altar of Makhleb.
  8395 | D:7      | Reached XP level 10. HP: 102/102 MP: 0/22
  8940 | D:8      | Reached **** piety under Sif Muna
  9232 | D:8      | Noticed Psyche
  9252 | D:8      | Killed Psyche
  9522 | D:8      | Noticed Amnesiac's ghost (novice OgWz)
  9992 | D:8      | Found a faded altar of an unknown god.
  9992 | D:8      | Found a shadowy altar of Dithmenos.
  9997 | D:8      | Found a faded altar of an unknown god.
  9999 | D:8      | Found a faded altar of an unknown god.
 10000 | D:8      | Found a faded altar of an unknown god.
 10087 | D:8      | Killed Amnesiac's ghost
 10387 | D:9      | Found a staircase to the Orcish Mines.
 10932 | D:9      | HP: 4/102 [bullfrog (8)]
 11574 | D:9      | Noticed Joseph
 11635 | D:9      | Learned a level 3 spell: Dazzling Spray
 11943 | D:9      | Reached ***** piety under Sif Muna
 12067 | D:9      | Reached skill level 10 in Conjurations
 12067 | D:9      | Reached XP level 11. HP: 109/109 MP: 18/24
 12072 | D:9      | Reached skill level 10 in Spellcasting
 12166 | D:9      | Killed Joseph
 12166 | D:9      | Identified Sif Muna's Volume of Congealing Conjuration (Sif Muna gifted it to you on level 9 of the Dungeon)
 12166 | D:9      | Received a gift from Sif Muna
 12310 | D:9      | Learned a level 5 spell: Lightning Bolt
 12327 | D:10     | Entered Level 10 of the Dungeon
 12393 | D:8      | Reached skill level 1 in Air Magic
 12620 | D:10     | Found Wiwki's Antique Weapon Boutique.
 13875 | D:10     | Got a warped glaive
 13876 | D:10     | Identified the +2 glaive "Duorenn" {chop, rPois MR+} (You found it on level 10 of the Dungeon)
 13893 | D:10     | Noticed a hill giant
 13908 | D:10     | Killed a hill giant
 14696 | D:11     | Noticed a red ugly thing
 14696 | D:11     | Reached skill level 5 in Air Magic
 14794 | D:11     | Killed a red ugly thing
 14953 | D:11     | Noticed Gastronok
 14994 | D:11     | Killed Gastronok
 14994 | D:11     | Reached XP level 12. HP: 106/118 MP: 0/26
 15059 | D:11     | Identified Sif Muna's Collected Works on Beguiling (Sif Muna gifted it to you on level 11 of the Dungeon)
 15059 | D:11     | Received a gift from Sif Muna
 15424 | D:11     | Noticed Nergalle
 15430 | D:11     | Killed Nergalle
 15524 | D:11     | Found a staircase to the Lair.
 15900 | Orc:1    | Entered Level 1 of the Orcish Mines
 15939 | Orc:1    | Noticed Fannar
 15983 | Orc:1    | Killed Fannar
 16807 | Orc:1    | Found a roughly hewn altar of Beogh.
 17368 | Orc:2    | Entered Level 2 of the Orcish Mines
 17368 | Orc:2    | Found a staircase to the Elven Halls.
 17374 | Orc:2    | Noticed an ettin
 17391 | Orc:2    | Killed an ettin
 17406 | Orc:2    | Noticed an orc warlord
 17879 | Orc:1    | Identified Dovuhoss's Reference Book on Confrontation (Sif Muna gifted it to you on level 1 of the Orcish Mines)
 17879 | Orc:1    | Received a gift from Sif Muna
 18284 | Orc:1    | Killed an orc warlord
 18284 | Orc:1    | Reached XP level 13. HP: 68/124 MP: 0/28
 19207 | Orc:2    | Found Dico's Distillery.
 19468 | Orc:2    | Found an ancient bone altar of Kikubaaqudgha.
 19657 | Orc:2    | Noticed Erolcha
 19667 | Orc:2    | Killed Erolcha
 20073 | Orc:2    | Found Xaf Qinn's Book Shop.
 20171 | Orc:2    | Found a radiant altar of Vehumet.
 20290 | Orc:2    | Found a roughly hewn altar of Beogh.
 20290 | Orc:2    | Found Camufugo's Antique Weapon Boutique.
 20322 | Orc:2    | Found Suof's Distillery.
 21163 | Lair:1   | Entered Level 1 of the Lair of Beasts
 21419 | Lair:1   | Received a gift from Sif Muna
 21557 | Lair:1   | Learned a level 6 spell: Freezing Cloud
 23089 | Lair:2   | Found a hole to the Spider Nest.
 23943 | Lair:3   | Noticed Rupert
 24011 | Lair:3   | Found a labyrinth entrance.
 24011 | Lair:3   | Noticed Sonja
 24154 | Lab      | Entered a labyrinth
 24413 | Lab      | Noticed a minotaur
 24420 | Lab      | Killed a minotaur
 24426 | Lab      | Got a faintly glowing halberd {chop}
 24457 | Lab      | Identified the cursed +1 halberd "Ceqiu" {chop, rC+ Str+7 Int-2} (You took it off a minotaur in a labyrinth)
 24526 | Lair:3   | Killed Sonja
 24621 | Lair:3   | Reached XP level 14. HP: 49/133 MP: 0/30
 24985 | Lair:3   | Learned a level 3 spell: Static Discharge
 24990 | Lair:3   | Learned a level 4 spell: Iskenderun's Mystic Blast
 25560 | Lair:3   | Found a staircase to the Swamp.
 25790 | Lair:4   | Identified Qate's Guide on Arcane Weapons (Sif Muna gifted it to you on level 4 of the Lair of Beasts)
 25790 | Lair:4   | Received a gift from Sif Muna
 27707 | Lair:6   | Entered Level 6 of the Lair of Beasts
 27839 | Lair:6   | Learned a level 2 spell: Swiftness
 27843 | Lair:6   | Learned a level 3 spell: Static Discharge
 27955 | Lair:6   | HP: 4/133 [black mamba (8)]
 27958 | Lair:6   | Found a hazy altar of Hepliaklqana.
 28252 | Lair:6   | Identified Sif Muna's Guide on the Quantum Frostbite (Sif Muna gifted it to you on level 6 of the Lair of Beasts)
 28252 | Lair:6   | Received a gift from Sif Muna
 28454 | Lair:5   | Reached skill level 10 in Air Magic
 29356 | Lair:6   | Found a runed door.
 29455 | Lair:6   | Reached XP level 15. HP: 134/140 MP: 0/32
 29468 | Lair:6   | Found a runed door.
 29469 | Lair:6   | Found a viscous altar of Jiyva.
 29473 | Lair:6   | Found a staircase to the Slime Pits.
 30878 | Lair:6   | Reached ****** piety under Sif Muna
 31070 | Lair:6   | Identified Sif Muna's Almanac of Aid (Sif Muna gifted it to you on level 6 of the Lair of Beasts)
 31070 | Lair:6   | Received a gift from Sif Muna
 32146 | Lair:6   | Learned a level 6 spell: Deflect Missiles
 32346 | Elf:1    | Entered Level 1 of the Elven Halls
 32727 | Elf:1    | Reached skill level 1 in Shields
 32923 | Lair:1   | Learned a level 6 spell: Freezing Cloud
 33769 | Elf:1    | Identified Pipas's Collected Works on Evil
 34081 | Elf:1    | Reached skill level 5 in Shields
 34192 | Elf:1    | Reached XP level 16. HP: 119/149 MP: 0/34
 34469 | Elf:1    | Found an ancient bone altar of Kikubaaqudgha.
 35265 | Elf:1    | HP: 3/149 [fire elemental[a deep elf mage] (8)]
 35266 | Elf:1    | Slain by a fire elemental

Vault maps used:
D:1:      zelgadis_glass_arrival_small
D:2:      first_bread, grunt_gozag_statues, uniq_natasha
D:3:      grunt_temple_overflow_diamond
D:4:      led_sif_pool
D:5:      fiery_altar_vehumet, old_standard_altar
D:6:      grunt_temple_overflow_holy_war,
          chequers_temple_overflow_statue_of_worship, serial_shops,
          shop_fountains, st_stairs_9
D:7:      lemuel_round_altar
D:8:      chequers_temple_overflow_minitemple, the_bakery, uniq_psyche
D:9:      hiddenorc2_lemuel, enter_bailey_3, hex_tiny, uniq_joseph
D:10:     serial_shops, nicolae_shop_waterfront
D:11:     lair_0_dummy, uniq_gastronok, uniq_nergalle
Lair:1:   lemuel_fruit_fields, grunt_megastairs_3, lemuel_fruit_fields
Lair:2:   spider_nest_entry_web_field
Lair:3:   swamp_mist_pool, lab_entry_generic, special_room, uniq_rupert,
          uniq_sonja
Lair:4:   beast_lair_carwin_11
Lair:5:   grunt_megastairs_4, infiniplex_staircase_pool_2, serial_bayou_shore_b
Lair:6:   wormcave, hangedman_lair_in_review, slime_altar_2, basic_altar
Orc:1:    nicolae_orc_accident_2, uniq_fannar
Orc:2:    kennysheep_orc_mage_school
Elf:1:    minmay_elf_arrival_plus, basic_altar, minmay_elf_necromancy
Lab:      nicolae_lab_dead_adventurers

Skill      XL: |  1  2  3  4  5  6  7  8  9 10 11 12 13 14 15 16 |
---------------+-------------------------------------------------+-----
Fighting       | 2 3 4 6 7 |  7.2
Spellcasting   | 5 6 8 9 10 11 12 13 14 | 14.1
Conjurations   | 2 4 6 8 10 11 12 13 14 | 14.3
Air Magic      | 7 8 9 10 11 | 11.0
Shields        | 5 8 |  8.4
Dodging        | |  1.7
Stealth        | |  1.4
Summonings     | |  0.6
Translocations | |  0.6

Action                   |  1- 3 |  4- 6 |  7- 9 | 10-12 | 13-15 | 16-18 || total
-------------------------+-------+-------+-------+-------+-------+-------++-------
Melee: Hand axe          |    47 |       |       |       |       |       ||    47
       Dagger            |    39 |   214 |   241 |   612 |    77 |       ||  1183
       Staff             |       |       |       |       |    55 |    13 ||    68
       Lajatang          |       |       |       |       |     8 |       ||     8
 Cast: Magic Dart        |    45 |       |   196 |   111 |       |       ||   352
       Call Imp          |     1 |       |     6 |       |       |       ||     7
       Conjure Flame     |     1 |     2 |    13 |    23 |     2 |       ||    41
       Mephitic Cloud    |       |     5 |     7 |    26 |     5 |       ||    43
       Repel Missiles    |       |     2 |       |     5 |       |       ||     7
       Blink             |       |       |     2 |    10 |     2 |     1 ||    15
       Dazzling Spray    |       |       |       |   175 |   200 |       ||   375
       Lightning Bolt    |       |       |       |    74 |   177 |    13 ||   264
       Iskenderun's Myst |       |       |       |       |   361 |    47 ||   408
       Freezing Cloud    |       |       |       |       |     9 |       ||     9
       Deflect Missiles  |       |       |       |       |     5 |     2 ||     7
       Static Discharge  |       |       |       |       |     3 |     5 ||     8
Invok: Divine Energy     |       |       |     1 |       |       |       ||     1
       Forget Spell      |       |       |       |       |     2 |       ||     2
Evoke: Wand              |       |       |       |       |     1 |       ||     1
  Use: Scroll            |       |     3 |     4 |    16 |    17 |     1 ||    41
       Potion            |       |       |     3 |     2 |     2 |     2 ||     9
 Stab: Sleeping          |       |     4 |     1 |     2 |       |       ||     7
       Confused          |       |     1 |     2 |     3 |       |       ||     6
       Invisible         |       |       |       |     5 |     3 |       ||     8
  Eat: Chunk             |     2 |    10 |    19 |    31 |    61 |     4 ||   127
       Royal jelly       |       |       |       |     1 |       |       ||     1
       Beef jerky        |       |       |       |     1 |       |       ||     1
       Fruit             |       |       |       |     5 |     2 |       ||     7
       Pizza             |       |       |       |     1 |       |       ||     1
       Meat ration       |       |       |       |     1 |     2 |       ||     3
       Bread ration      |       |       |       |       |     1 |       ||     1
Armor: Robe              |    47 |    57 |   146 |   235 |       |       ||   485
       Troll leather arm |       |       |       |   241 |   262 |    22 ||   525
Dodge: Dodged            |    56 |   101 |   170 |   492 |   242 |    22 ||  1083
       Deflected         |       |     3 |       |    13 |    20 |    16 ||    52
Block: Shield            |       |       |       |       |       |    16 ||    16
